 Seeded DCSS version 0.31-a0-187-gba352fbbf7 (webtiles) character file.

Game seed: 5616728819391011966 (custom seed)

197 innerfire43 the Trooper (level 5, -2/42 HPs)
             Began as a Demonspawn Monk on June 22, 2023.
             Slain by an ogre
             ... wielding a +0 giant club
              (27 damage)
             ... on level 4 of the Dungeon.
             The game lasted 00:03:52 (2604 turns).

innerfire43 the Trooper (Demonspawn Monk)           Turns: 2604, Time: 00:03:52

Health: -2/42      AC:  2    Str: 13    XL:     5   Next: 46%
Magic:  19/19      EV: 13    Int: 12    God:
Gold:   151        SH:  0    Dex: 15    Spells: 4/4 levels left

rFire   . . .        n - +3 whip (venom)
rCold   . . .        d - orb {light}
rNeg    . . .        b - +0 robe
rPois   .            (helmet restricted)
rElec   .            (no cloak)
rCorr   .            (no gloves)
SInv    .            (no boots)
Will    .....        j
                       - Hermit's Pendant {Faith Invo=14 Evo=0 MP+5}
Stlth   +            (no ring)
HPRegen 0.27/turn    (no ring)
MPRegen 0.32/turn

%: faith
@: glowing
A: horns 1, magic regeneration
a: no special abilities


You were on level 4 of the Dungeon.
You visited 1 branch of the dungeon, and saw 4 of its levels.

You collected 151 gold pieces.

Inventory:

Hand Weapons
 a - a +0 hand axe
 n - a +3 whip of venom (weapon)
Armour
 b - a +0 robe (worn)
 d - an orb of light (worn)
 p - a +2 chain mail of poison resistance
Jewellery
 j - the Hermit's Pendant (around neck) {Faith Invo=14 Evo=0 MP+5}
   (You found it on level 2 of the Dungeon)

   [amulet of faith]

   Invo=14: It sets your Invocations skill to 14.
   Evo=0: It sets your Evocations skill to 0.
   It allows you to gain divine favour quickly.
   MP:        It affects your magic capacity (+5).
 m - a ring of ice
Scrolls
 f - a scroll of fog {unknown}
 g - 6 scrolls of identify {unknown}
 k - 4 scrolls of poison {unknown}
 r - a scroll of enchant weapon
Potions
 c - a potion of ambrosia
 e - 2 potions of curing {unknown}
 h - a potion of cancellation {unknown}
 i - a potion of berserk rage {unknown}
 l - a potion of brilliance {unknown}
 o - a potion of haste {unknown}
 q - a potion of attraction {unknown}


   Skills:
 + Level 3.8 Fighting
 - Level 3.6(4.0) Axes
 * Level 2.5(3.5) Maces & Flails
 + Level 3.5 Dodging
 - Level 0.1 Stealth


You had 4 spell levels left.
You didn't know any spells.
Your spell library contained the following spells:

 Spells                   Type           Power      Damage    Failure   Level
 Cigotuvi's Dreadful Rot  Necr/Pois/Air  0%         N/A       45%         2
 Ignite Poison            Fire/Tmut/Pois 0%         N/A       69%         3
 Freezing Cloud           Conj/Ice/Air   0%         6-21      100%        5


Dungeon Overview and Level Annotations

Branches:
Dungeon (4/15)
 Temple: D:4-7

Altars:
Wu Jian


Innate Abilities, Weirdness & Mutations

You have a pair of small horns on your head.
You regenerate magic rapidly.


Message History

The hobgoblin is moderately wounded.
The hobgoblin barely misses you.
A hobgoblin is nearby!
You hit the hobgoblin.
You kill the hobgoblin!
No target in view!
HP restored.
k - 4 scrolls labelled GONYIM VULASM (gained 1)
There is an open door here.
There is an open door here.
There is an open door here.
Key pressed, stopping explore.
No target in view!
Found an ornate altar of the Wu Jian Council.
No target in view!
An ogre comes into view. It is wielding a +0 giant club.
No reachable target in view!
An ogre is nearby!
No reachable target in view!
No reachable target in view!
An ogre is nearby!
No reachable target in view!
An ogre is nearby!
A sky beast comes into view.
Found a stone staircase leading up.
The sky beast flickers out of sight!
Deactivating autopickup; reactivate with Ctrl-A.
A sky beast appears from thin air!
Reactivating autopickup.
You whack the ogre!
The ogre is poisoned.
The ogre is moderately wounded.
The ogre hits you with a +0 giant club!
You hit the ogre.
The ogre looks as sick as possible!
You headbutt the ogre, but do no damage.
The ogre is heavily wounded.
The sky beast completely misses you.
You hit the ogre.
The ogre looks as sick as possible!
The ogre is heavily wounded.
The ogre hits you with a +0 giant club!!
Ouch! That really hurt!
You die...

### #########
..# ........#
#.. #..≈≈≈..#
#.# #.§≈≈≈§..
#.###.≈≈_≈§.#
#..##.§≈.≈≈.#
#.....§≈.§≈.#
#.###.§§.≈≈.#
####### #.#
#@Y§^.≈..
#.....# #.#
#O§§8.≈..
#.....# #.#
#........
#.....# #.#
######...
#.....# #.#
<.. ###.....#
#.# .. ###
#.'.....# #.#
#.. #.#.....#
#.# #.#
#.####'## #.#
#.#


You could see a sky beast and an ogre (extremely poisoned).

Vanquished Creatures
  A sleepcap (D:3)
  Terence (D:3)
  3 gnolls (D:3)
  3 adders
  An ufetubus (D:3)
  A worm (D:2)
  A dart slug (D:2)
  An orc (D:3)
  6 bats
  8 endoplasms
  2 giant cockroaches
  9 goblins
  5 hobgoblins
  7 jackals
  6 kobolds (D:2)
  3 quokkas
  8 ball pythons
  5 frilled lizards
  7 rats
78 creatures vanquished.

Notes
Turn   | Place    | Note
-------+----------+-------------------------------------------
     0 | D:1      | innerfire43 the Demonspawn Monk began the quest for the
                  | Orb.
     0 | D:1      | Reached XP level 1. HP: 18/18 MP: 1/1
    82 | D:1      | Gained mutation: You regenerate magic rapidly. [demonic
                  | ancestry]
    82 | D:1      | Reached XP level 2. HP: 24/24 MP: 2/2
   300 | D:1      | Reached XP level 3. HP: 15/29 MP: 3/3
   784 | D:2      | Found the Hermit's Pendant {Faith Invo=14 Evo=0 MP+5}
  1113 | D:2      | Reached XP level 4. HP: 35/35 MP: 4/4
  1628 | D:3      | Reached skill level 1 in Maces & Flails
  2165 | D:3      | Gained mutation: You have a pair of small horns on your
                  | head. [demonic ancestry]
  2165 | D:3      | Reached XP level 5. HP: 27/42 MP: 14/14
  2252 | D:3      | Noticed Terence
  2259 | D:3      | Killed Terence
  2594 | D:4      | Found an ornate altar of the Wu Jian Council.
  2597 | D:4      | Noticed an ogre
  2598 | D:4      | Noticed a sky beast
  2604 | D:4      | Slain by an ogre

Illustrated notes

Levels and vault maps discovered:
D:1:      lemuel_arrival_rhombus, layout_rooms, minmay_misc_feat_five,
          minmay_bisected
D:2:      layout_loops_cross
D:3:      layout_basic, grunt_decor_cap, minmay_fractal_squares_5, uniq_terence
D:4:      layout_basic, mainiacjoe_overflow_catwalk, uniq_blork_the_orc

Skill      XL: |  1  2  3  4  5 |
---------------+----------------+-----
Axes           | 3 |  3.6
Dodging        | 3 |  3.5
Maces & Flails | 1 2 |  2.5
Fighting       | |  3.8
Stealth        | |  0.1

Action                     |  1- 3 |  4- 6 || total
---------------------------+-------+-------++-------
  Melee: Hand axe          |   128 |     1 ||   129
         Whip              |       |    74 ||    74
         Headbutt          |       |     9 ||     9
    Use: Scroll            |       |     1 ||     1
   Stab: Distracted        |     1 |       ||     1
 Armour: Robe              |    19 |    12 ||    31
  Dodge: Dodged            |    92 |    71 ||   163

Table legend: (Time is in decaauts)
 A = Elapsed time spent in this place.
 B = Non-inter-level travel time spent in this place.
 C = Inter-level travel time spent in this place.
 D = Time resting spent in this place.
 E = Time spent auto-exploring this place.
 F = Levels seen in this place.
 G = Mean time per level.
                   A        B        C        D        E       F      G
               +--------+--------+--------+--------+--------+-----+--------+
         Total |   2621 |   2455 |    166 |      0 |   1954 |   4 |  655.2 |
       Dungeon |   2621 |   2455 |    166 |      0 |   1954 |   4 |  655.2 |
               +--------+--------+--------+--------+--------+-----+--------+

Top non-repeatable levels by time:
     D:2: 1073 daAuts
     D:3: 828 daAuts
     D:1: 565 daAuts
     D:4: 155 daAuts
